 Seeded DCSS version 0.30.0-19-g36f170ea60 (webtiles) character file.

Game seed: 6415083861296460740 (custom seed)

922 bmack86 the Cleaver (level 7, -1/57 HPs)
             Began as a Minotaur Fighter on May 31, 2023.
             Was an Initiate of Gozag.
             Slain by a gnoll bouda
             ... wielding a +0 whip
              (4 damage)
             ... on level 5 of the Dungeon.
             The game lasted 00:06:34 (3670 turns).

bmack86 the Cleaver (Minotaur Fighter)              Turns: 3670, Time: 00:06:35

Health: -1/57      AC:  9    Str: 22    XL:     7   Next: 84%
Magic:  6/6        EV:  9    Int:  5    God:    Gozag
Gold:   296        SH:  4    Dex: 10    Spells: 6/6 levels left

rFire   . . .        a - +1 war axe
rCold   . . .        c - +0 buckler
rNeg    . . .        b - +0 scale mail
rPois   .            (helmet restricted)
rElec   .            (no cloak)
rCorr   .            (no gloves)
SInv    .            l - +1 pair of boots
Will    .....        (no amulet) Stlth
                     (no ring)
HPRegen 0.29/turn    (no ring)
MPRegen 0.10/turn

%: no passive effects
@: weakened, gold aura
A: horns 2, retaliatory headbutt
a: Renounce Religion, Potion Petition, Call Merchant, Bribe Branch


You were on level 5 of the Dungeon.
You worshipped Gozag.
Gozag was aware of your devotion.
You visited 1 branch of the dungeon, and saw 5 of its levels.

You collected 366 gold pieces.
You paid 70 gold pieces to Gozag.

Inventory:

Hand Weapons
 a - a +1 war axe (weapon)
Missiles
 g - 3 boomerangs (quivered)
 v - a throwing net
Armour
 b - a +0 scale mail (worn)
 c - a +0 buckler (worn)
 l - a +1 pair of boots (worn)
Scrolls
 f - a scroll of vulnerability {unknown}
 i - 5 scrolls of teleportation
 m - a scroll of brand weapon {unknown}
 o - a scroll of silence {unknown}
 p - 2 scrolls of fear {unknown}
 q - a scroll of enchant armour {unknown}
 r - a scroll of enchant weapon
 u - a scroll of immolation {unknown}
 w - a scroll of fog {unknown}
Potions
 d - a potion of might
 e - 2 potions of curing
 h - a potion of attraction
 j - a potion of mutation
 k - a potion of ambrosia {unknown}
 n - a potion of heal wounds {unknown}
 s - a potion of haste {unknown}
 t - 2 potions of brilliance


   Skills:
 - Level 3.6 Fighting
 + Level 11.0 Axes
 - Level 3.6 Armour
 - Level 3.6 Shields


You had 6 spell levels left.
You didn't know any spells.
Your spell library contained the following spells:

 Spells                   Type           Power      Damage    Failure   Level
 Portal Projectile        Hex/Tloc       0%         N/A       99%         3
 Tukima's Dance           Hex            0%         N/A       99%         3
 Blade Hands              Tmut           0%         N/A       100%        5


Dungeon Overview and Level Annotations

Branches:
Dungeon (5/15)
 Temple: D:4-7

Altars:
Elyvilon
Gozag

Shops:
D:2 :   D:4 *[?


Innate Abilities, Weirdness & Mutations

You have a pair of horns on your head.
You reflexively headbutt those who attack you in melee.


Message History

Unknown command.
You hit the gnoll.
The gnoll is heavily wounded.
You hit the gnoll.
You kill the gnoll!
You hit the gnoll. You barely miss the gnoll bouda. You barely miss the gnoll.
The gnoll hits you with a +0 club. The gnoll hits you but does no damage.
You block the gnoll bouda's attack.
An ogre comes into view. It is wielding a +0 giant club.
The gnoll hits you with a +0 halberd!
The ogre shouts!
You hit the gnoll but do no damage.
The gnoll is heavily wounded.
You hit the gnoll bouda. You hit the gnoll. x2
The gnoll hits you with a +0 club. The gnoll hits you with a +0 spear.
The gnoll bouda hits you with a +0 whip.
* * * LOW HITPOINT WARNING * * *
Unknown command.
You slash the gnoll!
You kill the gnoll!
You hit the gnoll bouda but do no damage.
You hit the gnoll. You barely miss the gnoll. You block the gnoll's attack.
The gnoll barely misses you. You furiously retaliate!
You headbutt the gnoll.
You kill the gnoll!
The gnoll bouda is distracted by your dazzling golden aura.
The gnoll bouda shouts!
Your Axes skill increases to level 11!
You slash the gnoll bouda!
The gnoll bouda is no longer distracted by gold.
Your headbutt misses the gnoll bouda.
The gnoll bouda is severely wounded.
You hit the gnoll.
You kill the gnoll!
The gnoll bouda hits you with a +0 whip!
* * * LOW HITPOINT WARNING * * *
You hit the gnoll bouda but do no damage.
The gnoll bouda is severely wounded.
The gnoll bouda hits you with a +0 whip.
You die...
Your body crumbles into a pile of gold.

.... #..##### ##
#..##..### . ..##........
... ......... .... #..#
#.# # .....##$$###.####..#
##### .......$$g.........#
#...# >...g##$@$..<.......
#...#########.$$..........
#.)........##...####.###.#
##..##.....###'#### .# #
###'##.....##.....# ..
#...##.....##.....# .#
#...+......'......# .+
#..###...(.#......#
##..##....###....##


You could see a gnoll bouda.

Vanquished Creatures
  The ghost of joshe the Magician, an amateur DECj (D:4)
  An ogre (D:5)
  2 phantoms
  3 scorpions (D:5)
  A killer bee (D:4)
  A gnoll bouda (D:5)
  2 hounds (D:4)
  An orc priest (D:4)
  An orc wizard (D:5)
  10 gnolls
  3 adders
  An ufetubus (D:5)
  3 worms
  2 dart slugs
  15 orcs
  5 ball pythons
  2 endoplasms
  2 giant cockroaches
  3 goblins
  3 hobgoblins
  8 jackals
  5 quokkas
  A bat (D:1)
  4 frilled lizards
  6 kobolds
  4 rats
90 creatures vanquished.

Notes
Turn   | Place    | Note
-------+----------+-------------------------------------------
     0 | D:1      | bmack86 the Minotaur Fighter began the quest for the Orb.
     0 | D:1      | Reached XP level 1. HP: 19/19 MP: 0/0
   286 | D:1      | Reached skill level 3 in Axes
   342 | D:1      | Reached XP level 2. HP: 26/26 MP: 1/1
   966 | D:2      | Reached skill level 4 in Axes
  1011 | D:2      | Reached XP level 3. HP: 31/31 MP: 2/2
  1014 | D:2      | Found Bedghuats's Book Shop.
  1761 | D:3      | Reached skill level 5 in Axes
  1857 | D:3      | Reached XP level 4. HP: 38/39 MP: 3/3
  2555 | D:4      | Noticed a phantom
  2564 | D:4      | Killed a phantom
  2565 | D:4      | Reached skill level 6 in Axes
  2565 | D:4      | Reached XP level 5. HP: 37/45 MP: 4/4
  2640 | D:4      | Found Sudug's Magic Scroll Boutique.
  2674 | D:4      | Found Getai's Antique Armour Shop.
  2698 | D:4      | Found Heups's General Store.
  2750 | D:4      | Found a runed translucent gate.
  2751 | D:4      | Found a runed translucent gate.
  2751 | D:4      | Found a runed translucent gate.
  2751 | D:4      | Found an opulent altar of Gozag.
  2754 | D:4      | Reached skill level 7 in Axes
  2776 | D:4      | Noticed joshe's ghost (amateur DECj)
  2960 | D:4      | Found a white marble altar of Elyvilon.
  3134 | D:4      | Reached XP level 6. HP: 50/51 MP: 5/5
  3244 | D:4      | Reached skill level 8 in Axes
  3246 | D:4      | Killed joshe's ghost
  3252 | D:4      | Became a worshipper of Gozag Ym Sagoz the Greedy
  3317 | D:5      | Entered Level 5 of the Dungeon
  3326 | D:5      | Reached skill level 9 in Axes
  3330 | D:5      | Reached XP level 7. HP: 32/57 MP: 6/6
  3567 | D:5      | Reached skill level 10 in Axes
  3669 | D:5      | Reached skill level 11 in Axes
  3669 | D:5      | HP: 2/57 [gnoll bouda/+0 whip (11)]
  3670 | D:5      | Slain by a gnoll bouda

Illustrated notes

Levels and vault maps discovered:
D:1:      lightli_arrival_flooded_house, layout_basic, st_stairs_11,
          hangedman_decor_points, minmay_misc_feat_x, minmay_liquid_box,
          chequers_serial_rivers_micro_a, chequers_jeans, minmay_pentomino_u2
D:2:      layout_loops_cross, serial_shops, shop
D:3:      layout_basic
D:4:      layout_loops_corners, elyvilon_altar_3, ebering_ghost_gozag,
          serial_shops, shop, shop_fountains, nicolae_shop_real_fake_doors,
          corexii_corridor_pit, corexii_shack
D:5:      layout_gridville, serial_shops, nicolae_shop_mannequins,
          kennysheep_minor_cross, kennysheep_generic_room_8

Skill      XL: |  1  2  3  4  5  6  7 |
---------------+----------------------+-----
Axes           | 3 4 5 6 7 9 11 | 11.0
Fighting       | |  3.6
Armour         | |  3.6
Shields        | |  3.6

Action                     |  1- 3 |  4- 6 |  7- 9 || total
---------------------------+-------+-------+-------++-------
  Melee: War axe           |    72 |    57 |    39 ||   168
         Headbutt          |     5 |     5 |    11 ||    21
    Use: Scroll            |       |     5 |     2 ||     7
         Potion            |       |     1 |       ||     1
 Armour: Scale mail        |    36 |    37 |    21 ||    94
  Dodge: Dodged            |    38 |    37 |    25 ||   100
  Block: Buckler           |    18 |    15 |    15 ||    48
